 Dungeon Crawl Stone Soup version 0.30-a0-385-gfebfb9b408 (webtiles) character file.

Game seed: 3710020310517254276

58040 qeuew the Severer (level 14, -8/127 HPs)
             Began as a Hill Orc Fighter on Dec 3, 2022.
             Was a High Priest of Trog.
             Mangled by a naga ritualist
             ... wielding a +0 battleaxe
              (10 damage)
             ... on level 1 of the Snake Pit.
             The game lasted 00:26:01 (16159 turns).

qeuew the Severer (Hill Orc Fighter)               Turns: 16159, Time: 00:26:02

Health: -8/127     AC: 32    Str: 22    XL:     14   Next: 88%
Magic:  14/14      EV:  5    Int:  8    God:    Trog [*****.]
Gold:   2464       SH: 17    Dex: 12    Spells: 13/13 levels left

rFire   . . .      SeeInvis .    q - +5 war axe (elec)
rCold   . . .      Faith    .    i - +1 kite shield {AC+3}
rNeg    + . .      Spirit   .    h - +2 crystal plate armour
rPois   .          Reflect  +    (helmet restricted)
rElec   .          Harm     .    (no cloak)
rCorr   .          Rampage  .    (no gloves)
Will    +....                    (no boots)
Stlth   ..........               r - amulet of reflection
HPRegen 0.41/turn                g - +4 ring of protection
MPRegen 0.14/turn                y - ring of positive energy

@: lethally poisoned (-8 -> -11)
A: horns 1, iridescent scales 1, noise suppression
a: Renounce Religion, Berserk, Trog's Hand, Brothers in Arms


You were on level 1 of the Snake Pit.
You worshipped Trog.
Trog was extremely pleased with you.
You visited 4 branches of the dungeon, and saw 15 of its levels.
You also visited: Bailey.

You collected 2464 gold pieces.

Inventory:

Hand Weapons
 q - a +5 war axe of electrocution (weapon)
 A - the +11 broad axe of Ravage {vorpal, *Noise rElec Stlth+}
   (You acquired it on level 4 of the Lair of Beasts)

   It inflicts extra damage upon your enemies.
   rElec:     It insulates you from electricity.
   *Noise:    It may make noises in combat.
   Stlth:     It makes you more stealthy.
Armour
 h - a +2 crystal plate armour (worn)
 i - a +1 kite shield of protection (worn)
Jewellery
 g - a +4 ring of protection (left hand)
 r - an amulet of reflection (around neck)
 y - a ring of positive energy (right hand)
 B - a ring of protection from cold
 C - a ring of positive energy
Wands
 c - a wand of flame (40) (quivered)
 j - a wand of roots (14)
 l - a wand of paralysis (33)
 p - a wand of quicksilver (12)
Scrolls
 a - 3 scrolls of identify
 b - a scroll of silence
 f - 3 scrolls of magic mapping
 k - a scroll of enchant armour
 o - 8 scrolls of teleportation
Potions
 d - 5 potions of might
 e - 2 potions of curing
 m - 3 potions of ambrosia
 n - a potion of heal wounds
 u - 4 potions of flight
 w - a potion of haste
 x - 3 potions of mutation
 D - a potion of magic
 E - 2 potions of berserk rage


   Skills:
 + Level 12.4 Fighting
 * Level 17.9 Axes
 + Level 11.4 Armour
 + Level 8.4 Dodging
 + Level 11.3 Shields
 + Level 9.7 Evocations


You had 13 spell levels left.
You didn't know any spells.
Your spell library contained the following spells:

 Spells                   Type           Power      Damage    Failure   Level
 Apportation              Tloc           0%         N/A       100%        1
 Necrotise                Necr           0%         1d4       100%        1
 Summon Small Mammal      Summ           0%         N/A       100%        1
 Dazzling Flash           Conj/Hex       0%         N/A       100%        3
 Ignite Poison            Fire/Tmut/Pois 0%         N/A       100%        3
 Kindle Blastsparks       Fire/Tloc/Air  0%         2d10      100%        3
 Ozocubu's Armour         Ice            0%         N/A       100%        3
 Stone Arrow              Conj/Erth      0%         3d7       100%        3
 Animate Armour           Summ/Erth      0%         N/A       100%        4
 Agony                    Necr           0%         N/A       100%        5
 Alistair's Intoxication  Tmut/Pois      0%         N/A       100%        5
 Borgnjor's Vile Clutch   Necr/Erth      0%         N/A       100%        5
 Freezing Cloud           Conj/Ice/Air   0%         6-21      100%        5
 Silence                  Hex/Air        0%         N/A       100%        5
 Eringya's Noxious Bog    Tmut/Pois      0%         N/A       100%        6
 Ozocubu's Refrigeration  Ice            0%         4d7       100%        7
 Lehudib's Crystal Spear  Conj/Erth      0%         10d2      100%        8


Dungeon Overview and Level Annotations

Branches:
Dungeon (8/15)             Temple (1/1) D:7            Lair (5/5) D:8
 Shoals (0/4) Lair:3        Snake (1/4) Lair:3        Slime (0/5) Lair:5
 Bailey (visited)

Altars:
Cheibriados
Fedhas
Gozag
Kikubaaqudgha
Nemelex Xobeh
Qazlal
Sif Muna
Trog
Uskayaw
Vehumet
Xom
Yredelemnul
The Shining One

Shops:
D:7 [


Innate Abilities, Weirdness & Mutations

You have a pair of small horns on your head.
You are partially covered in iridescent scales. (AC +2)
You passively dampen the noise of your surroundings.


Message History

* * * LOW HITPOINT WARNING * * *
You feel very sick.
Your ogre hits the naga ritualist with a +0 giant club!!!
You block the black mamba's attack.
You barely miss the naga ritualist.
You headbutt the naga ritualist, but do no damage.
The naga ritualist is severely wounded.
You slash the black mamba!
You feel very sick. The black mamba barely misses you.
Your ogre closely misses the naga ritualist.
You slash the naga ritualist!
Your headbutt misses the naga ritualist.
The naga ritualist is almost dead.
You hit the black mamba but do no damage.
You feel very sick. The black mamba bites you!
* * * LOW HITPOINT WARNING * * *
You block the naga ritualist's attack.
The naga ritualist hits your ogre with a +0 battleaxe!
Your ogre dies!
Your ogre's corpse disappears in a puff of smoke!
You block the naga ritualist's attack.
The black mamba bites you but does no damage.
You feel better.
The black mamba bites you but does no damage.
The naga ritualist prays to its god.
The naga ritualist begins to radiate toxic energy.
* * * LOW HITPOINT WARNING * * *
You are poisoned.
You block the black mamba's attack.
You barely miss the naga ritualist.
Your headbutt misses the naga ritualist.
The naga ritualist is almost dead.
You closely miss the black mamba.
You feel sick.
* * * LOW HITPOINT WARNING * * *
You are lethally poisoned!
The black mamba bites you but does no damage.
The naga ritualist hits you with a +0 battleaxe!
You die...

#..##..##..##..##..#
##.##..##..##..##..#
#.##..######..##..#
#.##...####....#..#
#.##....))........#
#.##....))........#
#.#################
#..##########
#.§@N........
#.§.S........
#.########### #..
#.. ##.


You could see a naga ritualist (toxic aura) and a black mamba.

Vanquished Creatures
  Gastronok (Lair:1)
  Harold (Lair:1)
  A hydra (Lair:5)
  2 catoblepae (Lair:5)
  3 anacondas (Snake:1)
  5 death yaks
  A boulder beetle (D:7)
  2 two-headed ogres (D:8)
  A naga warrior (Snake:1)
  Urug (Lair:1)
  A shock serpent (Snake:1)
  A naga ritualist (Snake:1)
  An orc knight (Bailey)
  A mana viper (Snake:1)
  2 lindwurms (Lair:5)
  A moth of wrath (Bailey)
  7 elephants (Lair:5)
  5 black mambas
  A naga mage (Snake:1)
  11 cane toads
  6 rime drakes
  10 komodo dragons
  2 unseen horrors
  A troll (D:7)
  15 polar bears
  Grinder (D:3)
  14 blink frogs
  2 raiju (Lair:5)
  A hornet (D:7)
  14 dream sheep
  Sigmund (D:2)
  6 basilisks
  5 wyverns
  37 yaks
  A wraith (D:7)
  5 steam dragons
  3 nagas (Snake:1)
  Edmund (D:6)
  4 wargs (Lair:5)
  15 hell hounds (Lair:5)
  14 water moccasins
  3 orc warriors (Bailey)
  13 black bears
  3 ice beasts
  3 sky beasts (D:8)
  6 centaurs
  2 ogres
  26 wolves
  A phantom (D:5)
  3 kobold brigands
  11 bullfrogs
  2 necrophages
  A gnoll sergeant (D:5)
  3 scorpions
  6 wights
  A killer bee (D:8)
  An electric eel (Lair:1)
  4 hounds
  4 jellies
  3 orc priests
  Jessica (D:2)
  3 orc wizards
  Ijyb (D:5)
  Terence (D:3)
  2 iguanas
  Natasha (twice) (D:1)
  4 hell rats (D:8)
  9 adders
  4 gnolls (D:5)
  A shadow imp (D:5)
  A white imp (D:7)
  4 ufetubi
  5 worms
  4 dart slugs
  36 orcs
  8 bats
  10 endoplasms
  7 giant cockroaches
  12 goblins
  6 hobgoblins
  7 jackals (D:1)
  6 quokkas
  11 ball pythons
  2 frilled lizards (D:1)
  12 kobolds
  9 rats
471 creatures vanquished.

Vanquished Creatures (collateral kills)
  3 hydras (Lair:5)
  A death yak (Lair:5)
  A naga mage (Snake:1)
  2 black mambas (Snake:1)
  A rime drake (Lair:5)
8 creatures vanquished.

Vanquished Creatures (others)
  15 fungi
  38 plants
53 creatures vanquished.

Grand Total: 532 creatures vanquished

Notes
Turn   | Place    | Note
-------+----------+-------------------------------------------
     0 | D:1      | qeuew the Hill Orc Fighter began the quest for the Orb.
     0 | D:1      | Reached XP level 1. HP: 19/19 MP: 1/1
    68 | D:1      | Reached skill level 3 in Axes
   105 | D:1      | Reached XP level 2. HP: 27/27 MP: 2/2
   377 | D:1      | Reached XP level 3. HP: 31/33 MP: 3/3
   868 | D:2      | Noticed Sigmund
   906 | D:2      | Noticed Natasha
   999 | D:2      | Reached skill level 4 in Axes
   999 | D:2      | Reached skill level 1 in Dodging
   999 | D:2      | Reached XP level 4. HP: 40/40 MP: 4/4
  1011 | D:1      | Killed Natasha
  1098 | D:1      | Noticed Natasha
  1119 | D:1      | Killed Natasha
  1120 | D:1      | Reached XP level 5. HP: 21/46 MP: 5/5
  1243 | D:2      | Killed Sigmund
  1244 | D:2      | Reached skill level 5 in Axes
  1244 | D:2      | Reached XP level 6. HP: 52/53 MP: 6/6
  1531 | D:2      | Noticed Jessica
  1535 | D:2      | Killed Jessica
  1622 | D:3      | Noticed Terence
  1624 | D:3      | Killed Terence
  2022 | D:3      | Noticed Grinder
  2051 | D:3      | Killed Grinder
  2052 | D:3      | Reached skill level 5 in Fighting
  2052 | D:3      | Reached skill level 6 in Axes
  2052 | D:3      | Reached skill level 1 in Evocations
  2052 | D:3      | Reached XP level 7. HP: 23/61 MP: 7/7
  2501 | D:4      | Reached skill level 5 in Armour
  2561 | D:4      | Found a hide-covered altar of Uskayaw.
  2756 | D:4      | Reached XP level 8. HP: 57/68 MP: 8/8
  2806 | D:4      | Reached skill level 7 in Axes
  3008 | D:5      | Entered Level 5 of the Dungeon
  3038 | D:5      | Reached skill level 5 in Shields
  3666 | D:5      | Reached skill level 8 in Axes
  3752 | D:5      | Noticed Ijyb
  3760 | D:5      | Paralysed by Ijyb for 5 turns
  3771 | D:5      | Killed Ijyb
  4062 | D:6      | Noticed Edmund
  4091 | D:6      | Killed Edmund
  4092 | D:6      | Reached XP level 9. HP: 62/75 MP: 9/9
  4171 | D:6      | Killed an unseen horror
  4439 | D:6      | Reached skill level 9 in Axes
  4933 | D:6      | Gained mutation: You are partially covered in iridescent
                  | scales. (AC +2) [potion of mutation]
  4933 | D:6      | Gained mutation: You have a pair of small horns on your
                  | head. [potion of mutation]
  4933 | D:6      | Gained mutation: You passively dampen the noise of your
                  | surroundings. [potion of mutation]
  4978 | D:7      | Found Cheibriados's Comfort Zone.
  4980 | D:7      | Found a snail-covered altar of Cheibriados.
  5041 | D:7      | Found a staircase to the Ecumenical Temple.
  5058 | Temple   | Entered the Ecumenical Temple
  5083 | Temple   | Became a worshipper of Trog the Wrathful
  5506 | D:7      | Noticed a hornet
  5514 | D:7      | Killed a hornet
  5515 | D:7      | Reached skill level 10 in Axes
  5515 | D:7      | Reached XP level 10. HP: 54/86 MP: 10/10
  5838 | D:7      | Noticed a boulder beetle
  5844 | D:7      | Reached * piety under Trog
  5857 | D:7      | Killed a boulder beetle
  5873 | D:7      | Reached skill level 11 in Axes
  5874 | D:7      | Reached skill level 5 in Evocations
  6247 | D:8      | Found a flagged portal.
  6285 | Bailey   | Entered a bailey
  6369 | Bailey   | Reached ** piety under Trog
  6448 | Bailey   | Noticed an orc knight
  6448 | Bailey   | Noticed an orc knight
  6451 | Bailey   | an orc knight changed into a moth of wrath
  6451 | Bailey   | Noticed a moth of wrath
  6459 | Bailey   | Killed a moth of wrath
  6477 | Bailey   | Killed an orc knight
  6703 | Bailey   | Reached skill level 5 in Dodging
  6892 | D:8      | Found a radiant altar of Vehumet.
  6910 | D:8      | Reached XP level 11. HP: 75/95 MP: 11/11
  7035 | D:8      | Noticed a two-headed ogre
  7044 | D:8      | Killed a two-headed ogre
  7045 | D:8      | Reached skill level 12 in Axes
  7076 | D:8      | Noticed a two-headed ogre
  7084 | D:8      | Killed a two-headed ogre
  7290 | D:8      | Noticed a death yak
  7292 | D:8      | Found a staircase to the Lair.
  7292 | D:8      | Noticed a death yak
  7292 | D:8      | Noticed a death yak
  7303 | D:8      | Killed a death yak
  7307 | D:8      | Killed a death yak
  7311 | D:8      | Killed a death yak
  7669 | D:8      | Reached skill level 13 in Axes
  8190 | Lair:1   | Entered Level 1 of the Lair of Beasts
  8253 | Lair:1   | Noticed Harold
  8256 | Lair:1   | Paralysed by Harold for 5 turns
  8269 | Lair:1   | Killed Harold
  8510 | Lair:1   | Reached XP level 12. HP: 102/105 MP: 12/12
  8593 | Lair:1   | Noticed Gastronok
  8605 | Lair:1   | Killed Gastronok
  8975 | Lair:1   | Noticed Urug
  8987 | Lair:1   | Killed Urug
  9150 | Lair:1   | Reached skill level 14 in Axes
  9655 | Lair:1   | Identified a scroll of acquirement
  9657 | Lair:1   | Acquired 666 gold pieces
  9933 | Lair:2   | Reached skill level 10 in Fighting
 11213 | Lair:3   | Found a staircase to the Shoals.
 11248 | Lair:3   | Reached *** piety under Trog
 11497 | Lair:3   | Found a staircase to the Snake Pit.
 11530 | Lair:3   | Reached skill level 15 in Axes
 11613 | Lair:3   | Reached XP level 13. HP: 99/114 MP: 13/13
 12513 | Lair:4   | Reached skill level 10 in Armour
 12519 | Lair:4   | Reached **** piety under Trog
 12821 | Lair:4   | Reached skill level 10 in Shields
 13243 | Lair:4   | Acquired the +11 broad axe of Ravage {vorpal, *Noise rElec
                  | Stlth+}
 13270 | Lair:5   | Entered Level 5 of the Lair of Beasts
 13381 | Lair:5   | Reached skill level 16 in Axes
 13582 | Lair:5   | Found a staircase to the Slime Pits.
 14307 | Lair:5   | Reached XP level 14. HP: 124/124 MP: 14/14
 14400 | Lair:5   | Reached skill level 17 in Axes
 14674 | Lair:5   | Reached ***** piety under Trog
 15426 | Snake:1  | Entered Level 1 of the Snake Pit
 15510 | Snake:1  | HP: 5/126 [naga mage/bolt of poison (15)]
 15511 | Snake:1  | HP: 2/126 [poisoned by a naga mage (bolt of poison)]
 15908 | Snake:1  | Received a gift from Trog
 16157 | Snake:1  | HP: 2/127 [black mamba[a naga ritualist] (12)]
 16159 | Snake:1  | Mangled by a naga ritualist

Illustrated notes

Levels and vault maps discovered:
D:1:      lightli_arrival_noodles, layout_loops_cross
D:2:      layout_rooms, uniq_jessica, uniq_natasha, uniq_sigmund
D:3:      layout_rooms, uniq_grinder, uniq_terence
D:4:      layout_rooms, nicolae_uskayaw_dance_hall
D:5:      layout_basic, minmay_fractal_squares_gapless_5, uniq_ijyb
D:6:      layout_basic, minmay_misc_feat_secret_circle, uniq_edmund
D:7:      nzn_winding_woodlands_three_and_one
          [nzn_winding_woodlands_5x15_longhouse, nzn_winding_woodlands_5x15_eye,
          nzn_winding_woodlands_5x15_parted,
          nzn_winding_woodlands_center_garden], layout_rooms,
          minmay_temple_entry_sparse_star, chequers_serial_rivers_micro_c,
          minmay_shop_chei
D:8:      minmay_s_stair_smasher, layout_basic, vehumet_crystals,
          dpeg_lair_monsters, enter_bailey_5, corexii_corridor_pit
Temple:   hellmonk_temple_of_storms
Lair:1:   layout_regular_city, minivault_24, chequers_serial_rivers_room_a,
          gammafunk_lair_bear_cave, uniq_urug, uniq_harold, uniq_gastronok
Lair:2:   statuecave_lemuel, layout_layer_cave
Lair:3:   layout_cave_pods, elwin_shoals_entry_rocks,
          guppyfry_snake_entry_island, hangedman_lair_unloving_vines
Lair:4:   layout_gridlike, grunt_megastairs_1
Lair:5:   hangedman_lair_caniforms_friends, layout_cave_pods,
          hangedman_lair_in_review, slime_entry_1
Snake:1:  layout_honeycomb, basic_altar, st_stairs_11,
          nicolae_snake_gridmaze_spiral, serial_bayou_shore_a

Skill      XL: |  1  2  3  4  5  6  7  8  9 10 11 12 13 14 |
---------------+-------------------------------------------+-----
Axes           | 3 4 5 6 8 10 11 13 15 16 17 | 17.9
Fighting       | 4 5 6 7 8 9 10 11 12 | 12.4
Dodging        | 1 2 3 4 5 6 7 8 |  8.4
Armour         | 4 5 6 7 8 9 10 11 | 11.4
Shields        | 4 5 6 7 8 9 10 11 | 11.3
Evocations     | 1 3 4 5 6 7 8 9 |  9.7

Action                   |  1- 3 |  4- 6 |  7- 9 | 10-12 | 13-15 || total
-------------------------+-------+-------+-------+-------+-------++-------
Melee: War axe           |   117 |   100 |   293 |   529 |   176 ||  1215
       Unarmed           |     8 |    42 |       |       |       ||    50
       Headbutt          |       |       |    12 |   104 |    92 ||   208
       Broad axe         |       |       |       |       |   276 ||   276
Throw: Throwing net      |       |       |       |     1 |       ||     1
Invok: Trog's Hand       |       |       |       |     5 |     1 ||     6
       Berserk           |       |       |       |     4 |     2 ||     6
       Brothers in Arms  |       |       |       |       |     5 ||     5
Evoke: Wand              |       |       |     2 |     4 |    11 ||    17
  Use: Potion            |     4 |     5 |     2 |     1 |     8 ||    20
       Scroll            |       |     2 |    10 |     7 |     7 ||    26
 Stab: Distracted        |       |       |       |     1 |       ||     1
       Petrified         |       |       |       |       |    10 ||    10
       Petrifying        |       |       |       |       |     2 ||     2
Armor: Scale mail        |    59 |    50 |   184 |    60 |       ||   353
       Skin              |       |     5 |       |       |       ||     5
       Crystal plate arm |       |       |       |   265 |   307 ||   572
Dodge: Dodged            |    77 |    62 |   119 |   103 |    79 ||   440
Block: Buckler           |    33 |       |       |       |       ||    33
       Kite shield       |     4 |    40 |   163 |   346 |   381 ||   934
       Reflection        |       |       |       |     3 |     4 ||     7

Table legend: (Time is in decaauts)
 A = Elapsed time spent in this place.
 B = Non-inter-level travel time spent in this place.
 C = Inter-level travel time spent in this place.
 D = Time resting spent in this place.
 E = Time spent auto-exploring this place.
 F = Levels seen in this place.
 G = Mean time per level.
                   A        B        C        D        E       F      G
               +--------+--------+--------+--------+--------+-----+--------+
         Total |  16349 |  15886 |    463 |    247 |  12635 |  16 | 1021.8 |
       Dungeon |   7872 |   7633 |    239 |    247 |   5665 |   8 |  984.0 |
        Temple |     38 |     28 |     10 |      0 |      0 |   1 |   38.0 |
          Lair |   7208 |   6996 |    212 |      0 |   6013 |   5 | 1441.6 |
     Snake Pit |    722 |    722 |      0 |      0 |    619 |   1 |  722.0 |
        Bailey |    508 |    508 |      0 |      0 |    337 |   1 |  508.0 |
               +--------+--------+--------+--------+--------+-----+--------+

Top non-repeatable levels by time:
  Lair:5: 2121 daAuts
  Lair:1: 1528 daAuts
     D:8: 1492 daAuts
  Lair:2: 1415 daAuts
     D:7: 1251 daAuts
     D:1: 1126 daAuts
  Lair:3: 1082 daAuts
  Lair:4: 1060 daAuts
     D:5: 999 daAuts
     D:6: 993 daAuts
     D:3: 801 daAuts
 Snake:1: 722 daAuts
     D:4: 640 daAuts
     D:2: 566 daAuts
  Bailey: 508 daAuts
